 Dungeon Crawl Stone Soup version 0.20.1-1-g8b1a95d (webtiles) character file.

124 Nattfarinn the Sneak (level 5, -2/30 HPs)
             Began as a Kobold Enchanter on Aug 1, 2017.
             Slain by an orc wizard
             ... wielding a +0 dagger
              (4 damage)
             ... on level 4 of the Dungeon.
             The game lasted 00:08:14 (3806 turns).

Nattfarinn the Sneak (Kobold Enchanter)             Turns: 3806, Time: 00:08:15

Health: -2/30      AC:  2    Str:  5    XL:     5   Next: 30%
Magic:  8/8        EV: 15    Int: 17    God:
Gold:   104        SH:  0    Dex: 16    Spells: 5/8 levels left

rFire    + . .     SeeInvis .   o - +0 rapier
rCold    x . .     Gourm    .   (shield restricted)
rNeg     . . .     Faith    .   b - +0 robe
rPois    .         Spirit   .   (no helmet)
rElec    .         Reflect  .   (no cloak)
rCorr    .         Harm     .   (no gloves)
MR       .....                  (no boots)
Stlth    +++.......             (no amulet)
Regen    0.1/turn               p - ring of fire
MPRegen  0.2/turn               (no ring)

@: no status effects
A: carnivore 3
a: no special abilities


You were on level 4 of the Dungeon.
You were completely stuffed.

You visited 1 branch of the dungeon, and saw 4 of its levels.

You collected 104 gold pieces.

Inventory:

Hand Weapons
 a - a +1 dagger
 j - a +0 dagger of venom
 m - a +0 dagger of pain
 o - a +0 rapier (weapon)
Armour
 b - a +0 robe (worn)
Jewellery
 p - a ring of fire (left hand)
Scrolls
 h - 2 scrolls of enchant armour
 l - 2 scrolls of identify
 r - a scroll of fog {unknown}
 t - a scroll of teleportation {unknown}
Potions
 e - a potion of lignification {unknown}
 g - a potion of curing {unknown}
 k - 2 potions of agility {unknown}
 n - 3 potions of flight {unknown}
 s - a potion of mutation {unknown}
 u - 2 potions of degeneration {unknown}
Books
 c - a book of Maledictions

   Spells                             Type                      Level
   a - Corona                         Hexes                        1
   b - Ensorcelled Hibernation        Hexes/Ice                    2
   c - Confuse                        Hexes                        3
   d - Tukima's Dance                 Hexes                        3
   e - Dazzling Spray                 Conjuration/Hexes            3
 i - a book of Changes

   Spells                             Type                      Level
   a - Beastly Appendage              Transmutation                1
   b - Sticks to Snakes               Transmutation                2
   c - Spider Form                    Transmutation/Poison         3
   d - Ice Form                       Ice/Transmutation            4
   e - Blade Hands                    Transmutation                5
 q - a book of Clouds

   Spells                             Type                      Level
   a - Poisonous Vapours              Poison/Air                   2
   b - Mephitic Cloud                 Conjuration/Poison/Air       3
   c - Conjure Flame                  Conjuration/Fire             3
   d - Freezing Cloud                 Conjuration/Ice/Air          6
   e - Ring of Flames                 Charms/Fire                  7
Comestibles
 d - 3 meat rations
 f - a chunk of flesh


   Skills:
 * Level 1.9 Fighting
 + Level 1.8 Short Blades
 - Level 2.4 Dodging
 + Level 5.9 Stealth
 - Level 2.1 Spellcasting
 * Level 4.0 Hexes


You had 5 spell levels left.
You knew the following spells:

 Your Spells              Type           Power        Failure   Level  Hunger
a - Corona                Hex            ###....      3%          1    #......
b - Ensorcelled Hibernat  Hex/Ice        #.....       12%         2    ###....


Dungeon Overview and Level Annotations

Branches:
Dungeon (4/15)
 Temple: D:4-7

Altars:
Nemelex Xobeh

Annotations:
D:3 Nattfarinn's ghost, amateur VSEn


Innate Abilities, Weirdness & Mutations

You are small and have problems with some larger weapons.
You are carnivorous and can eat meat at any time.


Message History

You are too injured to fight recklessly!
You are too injured to fight recklessly!
You are too injured to fight recklessly!
You are too injured to fight recklessly!
You are too injured to fight recklessly!
You are too injured to fight recklessly!
You are too injured to fight recklessly!
You are too injured to fight recklessly!
You are too injured to fight recklessly!
You are too injured to fight recklessly!
You are too injured to fight recklessly!
You are too injured to fight recklessly!
You barely miss the orc wizard.
The orc wizard is moderately wounded.
The orc wizard closely misses you.
The gnoll shouts!
You hit the orc wizard.
The orc wizard is severely wounded.
The orc wizard hits you with a dagger.
You die...

# # ..# ### ... .# #..
#.# #.# ##.#
#.###.#######... #
##.##............
#.g###...#..# ##....
#gooo@......# #.....
#.####...##.#####.....
##...............
##.###.#...####.#
#...##..###.###.#
#................
.........###)###..
#########...## ###
#####


You could see an orc wizard, 2 gnolls and 2 orcs.

Vanquished Creatures
  3 adders
  A shadow imp (D:4)
  4 worms (D:2)
  A dart slug (D:2)
  A leopard gecko (D:1)
  7 giant cockroaches
  11 goblins
  7 hobgoblins
  3 jackals (D:4)
  8 kobolds
  4 quokkas
  A ball python (D:1)
  6 bats
  6 frilled lizards
  7 rats
70 creatures vanquished.

Notes
Turn   | Place    | Note
-------+----------+-------------------------------------------
     0 | D:1      | Nattfarinn the Kobold Enchanter began the quest for the Orb.
     0 | D:1      | Reached XP level 1. HP: 10/10 MP: 3/3
   521 | D:1      | Reached XP level 2. HP: 15/15 MP: 5/5
   962 | D:1      | Found a sparkling altar of Nemelex Xobeh.
  1230 | D:1      | Reached XP level 3. HP: 13/20 MP: 6/6
  1673 | D:2      | Reached skill level 1 in Fighting
  1684 | D:2      | Reached XP level 4. HP: 20/25 MP: 7/7
  2054 | D:2      | Reached skill level 5 in Stealth
  2616 | D:2      | Found a faded altar of an unknown god.
  2948 | D:2      | Learned a level 2 spell: Ensorcelled Hibernation
  3414 | D:3      | Reached XP level 5. HP: 29/29 MP: 8/8
  3533 | D:3      | Noticed Nattfarinn's ghost (amateur VSEn)
  3806 | D:4      | Slain by an orc wizard

Skill      XL: |  1  2  3  4 |
---------------+-------------+-----
Fighting       | 1 |  1.9
Stealth        | 5 |  5.9
Hexes          | 4 |  4.0
Short Blades   | |  1.8
Dodging        | |  2.4
Spellcasting   | |  2.1

Action                   |  1- 3 |  4- 6 || total
-------------------------+-------+-------++-------
Melee: Dagger            |    93 |    98 ||   191
       Rapier            |       |    54 ||    54
 Cast: Corona            |     1 |       ||     1
  Use: Potion            |     1 |     1 ||     2
       Scroll            |       |     6 ||     6
 Stab: Sleeping          |     9 |     6 ||    15
       Distracted        |       |     3 ||     3
  Eat: Chunk             |     3 |    15 ||    18
Armor: Robe              |     8 |    18 ||    26
Dodge: Dodged            |    60 |   101 ||   161
